Map: Terrazas de Prion

Players

Xandros

  • Race: Zerg Zerg

Evo - Winner!

  • Race: Terran Terran
  • League: Silver

VOD

Have the link to the VOD?

Description

Time

  • Played on: Nov. 19, 2015, 6:51 a.m.
  • Length: 4:32
Show
View Real Time Build Order
Export as new Build Order

Xandros Zerg 

Build Orders: Pool First 

Get SALT Encoding   

  12  0:02  Drone  
  13  0:11  Drone  
  14  0:17  Overlord  
  14  0:35  Spawning Pool  
  14  0:37  Drone  
  14  0:41  Drone  
  15  0:45  Drone  
  15  0:49  Extractor  
  15  0:51  Drone  
  16  0:58  Drone  
  17  1:09  Drone  
  18  1:34  Queen  
  18  1:37  Hatchery  
  19  1:52  Drone x3  
  22  2:03  Overlord  
  22  2:13  Extractor  
  21  2:21  Queen  
  23  2:25  Metabolic Boost  
  23  2:27  Overlord  
  23  2:33  Zergling x2  
  24  2:40  Drone  
  25  2:51  Drone  
  25  2:56  Zergling x2  
  27  3:25  Zergling x6  
  30  3:28  Drone  
  30  3:30  Roach Warren  
  30  3:32  Drone x3  
  33  3:34  Zergling x2  
  33  3:35  Zergling x2  
  35  3:48  Evolution Chamber  
  29  4:15  Spine Crawler  
  29  4:16  Spine Crawler  
  27  4:17  Spine Crawler  
Show
View Real Time Build Order
Export as new Build Order

Evo Terran - Winner!

Build Orders:  

Get SALT Encoding   

  12  0:03  SCV  
  13  0:15  SCV  
  13  0:19  Supply Depot  
  14  0:29  SCV, Refinery  
  15  0:43  Barracks  
  15  0:45  SCV  
  16  0:57  SCV  
  17  1:09  SCV  
  18  1:21  SCV  
  19  1:30  Supply Depot  
  19  1:32  Barracks Reactor  
  19  1:36  Barracks, Orbital Command  
  19  1:54  Barracks  
  19  2:02  SCV  
  20  2:09  Marine x2  
  20  2:14  SCV  
  23  2:24  Barracks Tech Lab  
  23  2:27  Marine x2  
  23  2:28  Supply Depot  
  25  2:31  SCV  
  26  2:42  Barracks Reactor  
  26  2:44  Marine, Marauder  
  28  2:45  Combat Shields, Marine  
  28  2:46  Engineering Bay  
  28  2:49  Refinery  
  30  2:57  Supply Depot  
  30  3:02  Marine x2  
  30  3:05  Marauder  
  34  3:18  Marine  
  34  3:19  Marine  
  36  3:20  Marine x2  
  36  3:27  Marauder  
  40  3:31  SCV, Supply Depot  
  41  3:36  Marine  
  41  3:38  Marine  
  41  3:40  Marine  
  44  3:42  Marine  
  44  3:48  Marauder  
  47  3:54  Marine  
  48  3:56  Marine  
  49  4:04  Supply Depot  
  49  4:09  Marauder  
  50  4:11  Marine x2  
Tags
 
Add a new tag
Caveats
  • Supply blocks, unpowered buildings, or Contaminate may cause inaccurate times.
  • Supply counts are checked every 10 seconds.